 Dungeon Crawl Stone Soup version 0.27-a0-203-gd48b2df3c9 (webtiles) character file.

Game seed: 10826091350955396217

386570 dolemite99 the Executioner (level 22, -9/206 HPs)
             Began as a Minotaur Gladiator on Jan 30, 2021.
             Was an Elder of the Shining One.
             Killed from afar by a fire dragon (10 damage)
             ... with a blast of flame
             ... while paralysed by a sphinx
             ... on level 3 of the Depths.
             The game lasted 01:39:45 (72090 turns).

dolemite99 the Executioner (Minotaur Gladiator)    Turns: 72090, Time: 01:39:46

Health: -9/206     AC: 28    Str: 25    XL:     22   Next: 1%
Magic:  25/25      EV:  2    Int:  7    God:    the Shining One [****..]
Gold:   321        SH:  0    Dex: 17    Spells: 19/21 levels left

rFire    . . .     SeeInvis .   a - +9 battleaxe (holy)
rCold    + . .     Faith    .   (shield currently unavailable)
rNeg     + + .     Spirit   .   A - +0 storm dragon scales
rPois    .         Reflect  .   c - +2 hat
rElec    +         Harm     .   D - +0 cloak
rCorr    .         Rampage  .   O - +1 pair of gloves {Dex+3}
Will     +....                  K - +2 pair of boots
Stlth    ..........             (no amulet)
HPRegen  0.44/turn              N - +4 ring of slaying {=R}
MPRegen  0.19/turn              Y - ring of protection from cold

@: paralysed, glowing
A: retaliatory headbutt, horns 2, low mp 1
}: 2/15 runes: barnacled, gossamer
a: Renounce Religion, Divine Shield, Cleansing Flame


You were on level 3 of the Depths.
You worshipped the Shining One.
The Shining One was greatly pleased with you.
You visited 8 branches of the dungeon, and saw 40 of its levels.

You collected 6215 gold pieces.
You spent 5894 gold pieces at shops.

Inventory:

Hand Weapons
 a - a +9 battleaxe of holy wrath (weapon)
 b - a +3 longbow of flaming
 k - the +10 executioner's axe of the Fool {elec, *Noise rF++ rN+}
   (You bought it in a shop on level 2 of the Elven Halls)

   Occasionally, upon striking a foe, it can discharge electrical energy and
   cause terrible harm.
   It greatly protects you from fire.
   It protects you from negative energy.
   It may make noises in combat.
 l - the cursed +3 flail "Banisher" {freeze, rElec rF+ MP-9 Str+2 Stlth+}
   (You found it on level 4 of the Spider Nest)

   It has been specially enchanted to freeze those struck by it, causing extra
   injury to most foes and up to half again as much damage against particularly
   susceptible opponents.
   It can also slow down cold-blooded creatures.
   It affects your strength (+2).
   It protects you from fire.
   It insulates you from electricity.
   It affects your magic capacity (-9).
   It makes you more stealthy.
   It has a curse placed upon it.
Missiles
 S - 1556 arrows
Armour
 c - a +2 hat (worn)
 A - +0 storm dragon scales (worn)
 D - a +0 cloak (worn)
 K - a +2 pair of boots (worn)
 O - a +1 pair of gloves of dexterity (worn)
Jewellery
 d - an uncursed ring of poison resistance
 e - an uncursed ring of willpower
 C - an uncursed ring of resist corrosion
 F - a +4 ring of evasion
 I - the amulet "Gouck" {Reflect rF+ SH+5}
   (You took it off an orc wizard on level 7 of the Dungeon)

   [amulet of reflection]

   It shields you and reflects attacks.
   It protects you from fire.
   It affects your SH (+5).
 N - a +4 ring of slaying (left hand) {=R}
 Y - a ring of protection from cold (right hand)
Wands
 f - a wand of iceblast (8)
 q - a wand of acid (5)
 y - a wand of flame (26)
 H - a wand of polymorph (45)
 L - a wand of enslavement (6)
 V - a wand of digging (14)
 X - a wand of paralysis (30)
 Z - a wand of mindburst (23)
Scrolls
 g - 22 scrolls of remove curse {@r2}
 m - 27 scrolls of teleportation
 n - 3 scrolls of fear
 s - 3 scrolls of amnesia
 z - 5 scrolls of blinking
 B - 3 scrolls of magic mapping
 E - 15 scrolls of identify {@r1}
 R - 2 scrolls of holy word
 T - 4 scrolls of fog
 U - 5 scrolls of vulnerability
 W - 3 scrolls of brand weapon
Potions
 h - 6 potions of brilliance
 j - 6 potions of berserk rage
 o - 3 potions of magic
 p - a potion of resistance
 t - 15 potions of ambrosia
 v - 5 potions of might
 w - 8 potions of attraction
 x - a potion of cancellation
 G - 8 potions of flight
 J - 5 potions of curing
 M - 8 potions of lignification
 Q - 3 potions of haste
Miscellaneous
 i - a phantom mirror
 r - a box of beasts
 u - a phial of floods
 P - a tin of tremorstones (inert)


   Skills:
 - Level 19.4 Fighting
 - Level 21.5 Axes
 + Level 16.1 Bows
 - Level 5.2 Throwing
 - Level 18.2 Armour
 - Level 14.6 Dodging
 - Level 3.1 Shields
 - Level 9.9 Invocations
 - Level 14.3 Evocations


You had 19 spell levels left.
You knew the following spells:

 Your Spells              Type           Power        Failure   Level
a - Blink                 Tloc           N/A          94%         2

Your spell library contained the following spells:

 Spells                   Type           Power        Failure   Level
 Animate Skeleton         Necr           0%           85%         1
 Beastly Appendage        Tmut           0%           85%         1
 Corona                   Hex            0%           85%         1
 Freeze                   Ice            0%           85%         1
 Magic Dart               Conj           0%           85%         1
 Pain                     Necr           0%           85%         1
 Sandblast                Erth           0%           85%         1
 Sting                    Tmut/Pois      0%           85%         1
 Summon Small Mammal      Summ           0%           85%         1
 Call Imp                 Summ           0%           94%         2
 Corpse Rot               Necr/Air       N/A          94%         2
 Ensorcelled Hibernation  Hex/Ice        0%           94%         2
 Passwall                 Tmut/Erth      0%           94%         2
 Slow                     Hex            0%           94%         2
 Sublimation of Blood     Necr           0%           94%         2
 Wereblood                Tmut           0%           94%         2
 Call Canine Familiar     Summ           0%           99%         3
 Confusing Touch          Hex            0%           99%         3
 Conjure Flame            Conj/Fire      0%           99%         3
 Dazzling Flash           Conj/Hex       0%           99%         3
 Frozen Ramparts          Ice            0%           99%         3
 Gell's Gravitas          Tloc           0%           99%         3
 Inner Flame              Hex/Fire       0%           99%         3
 Mephitic Cloud           Conj/Pois/Air  0%           99%         3
 Ozocubu's Armour         Ice            0%           99%         3
 Portal Projectile        Hex/Tloc       0%           99%         3
 Spider Form              Tmut/Pois      0%           99%         3
 Stone Arrow              Conj/Erth      0%           99%         3
 Summon Guardian Golem    Hex/Summ       0%           99%         3
 Tukima's Dance           Hex            0%           99%         3
 Vampiric Draining        Necr           0%           99%         3
 Animate Dead             Necr           0%           100%        4
 Cause Fear               Hex            0%           100%        4
 Dispel Undead            Necr           0%           100%        4
 Hailstorm                Conj/Ice       0%           100%        4
 Ice Form                 Ice/Tmut       0%           100%        4
 Leda's Liquefaction      Hex/Erth       0%           100%        4
 Petrify                  Tmut/Erth      0%           100%        4
 Summon Ice Beast         Ice/Summ       0%           100%        4
 Summon Lightning Spire   Summ/Air       0%           100%        4
 Agony                    Necr           0%           100%        5
 Blade Hands              Tmut           0%           100%        5
 Borgnjor's Vile Clutch   Necr/Erth      0%           100%        5
 Excruciating Wounds      Necr           0%           100%        5
 Lee's Rapid Deconstruct  Erth           0%           100%        5
 Metabolic Englaciation   Hex/Ice        0%           100%        5
 Silence                  Hex/Air        0%           100%        5
 Summon Mana Viper        Hex/Summ       0%           100%        5
 Yara's Violent Unravell  Hex/Tmut       0%           100%        5
 Conjure Ball Lightning   Conj/Air       0%           100%        6
 Death Channel            Necr           0%           100%        6
 Hydra Form               Tmut           0%           100%        6
 Dragon Form              Tmut           0%           100%        7
 Borgnjor's Revivificati  Necr           0%           100%        8
 Discord                  Hex            0%           100%        8
 Infestation              Necr           0%           100%        8
 Necromutation            Tmut/Necr      0%           100%        8
 Death's Door             Necr           0%           100%        9
 Tornado                  Air            0%           100%        9


Dungeon Overview and Level Annotations

Branches:
Dungeon (15/15)            Temple (0/1) D:4            Lair (6/6) D:9
 Shoals (4/4) Lair:4       Spider (4/4) Lair:4        Slime (0/5) Lair:6
    Orc (2/2) D:11            Elf (2/3) Orc:2        Vaults (4/5) D:13
  Crypt (0/3) Vaults:2     Depths (3/5) D:15

Altars:
Ashenzari
Cheibriados
Elyvilon
Fedhas
Hepliaklqana
Kikubaaqudgha
Okawaru
Ru
Vehumet
Wu Jian
Xom
Yredelemnul
Zin
The Shining One
Beogh

Shops:
D:5 ?   D:9 =!?   Orc:2 [[*!   Elf:2 *(*[   Shoals:3 *   Depths:2 *

Portals:
Hell: Depths:1 Depths:2
Pandemonium: Depths:1
Trove: D:12 (give 7 potions of haste)

Annotations:
D:4 exclusion: downstairs
D:12 1 runed translucent door, exclusion: obsidian statue, Sabo's ghost, journeyman DsGl
Lair:4 2 transporters, exclusion: 2 ice statues, Vufrucs's ghost, journeyman DrTm
Lair:5 exclusion: downstairs
Elf:2 3 runed translucent doors


Innate Abilities, Weirdness & Mutations

You reflexively headbutt those who attack you in melee.
You have a pair of horns on your head.
Your magical capacity is low. (-10% MP)


Message History

* * * LOW HITPOINT WARNING * * *
The yaktaur hits you but does no damage.
The white very ugly thing bites you!
* * * LOW HITPOINT WARNING * * *
The white very ugly thing freezes you!! You resist.
* * * LOW HITPOINT WARNING * * *
The fire dragon bites you but does no damage.
The fire dragon claws you but does no damage.
The fire dragon tramples you but does no damage.
The fire dragon bites you but does no damage.
The fire dragon claws you but does no damage.
The fire dragon tramples you but does no damage.
The yaktaur hits you but does no damage.
The white very ugly thing bites you.
* * * LOW HITPOINT WARNING * * *
The white very ugly thing freezes you! You resist.
* * * LOW HITPOINT WARNING * * *
The fire dragon breathes flames at you. The blast of flame hits you!
You die...

#..).<.......
#...........$.[.....
#.)i..............≈
#...u..(..........
.i.#.D...........C# #
icc(u.......i......##.#
..c....................#
i(..≈.........uc.......#
.....uD@....#
≈≈≈.p$D.u#### ..≈...c.##
≈.≈...H.. ≈?(......
≈...(..... ..$....###
.....#.


You could see 2 very ugly things, 2 fire dragons, a sphinx, a stone giant, a
white ugly thing, a spriggan rider, 2 yaktaurs and a wizard (invisible).

Vanquished Creatures
  Sojobo (Vaults:3)
  Bai Suzhen (Vaults:2)
  Saint Roka (Orc:2)
  A caustic shrike (Depths:2)
  Arachne (Spider:3)
  A lich (Depths:2)
  Frances (Shoals:2)
  3 sphinxes
  3 acid blobs (Depths:1)
  Kirke (Elf:1)
  2 storm dragons (Depths:2)
  An azure jelly (Depths:1)
  Donald (Shoals:2)
  A deep elf sorcerer (Vaults:2)
  4 frost giants
  3 tengu reavers
  A balrug (Depths:1)
  2 fire giants
  6 vault wardens
  2 ghost moths
  A juggernaut zombie (Depths:2)
  8 emperor scorpions
  15 stone giants
  A spriggan defender (Depths:2)
  15 very ugly things
  10 ironheart preservers
  2 vampire knights
  Nessos (D:14)
  7 entropy weavers
  A deep elf annihilator (Vaults:1)
  A spark wasp (Spider:4)
  5 ettins
  2 deep elf death magi
  6 merfolk impalers
  7 yaktaur captains
  7 fire dragons
  2 merfolk javelineers (Shoals:4)
  Josephine (D:10)
  3 death oozes (Depths:1)
  5 great orbs of eyes
  Erolcha (D:9)
  Harold (D:11)
  A juggernaut simulacrum (Depths:2)
  A rakshasa (Depths:1)
  2 spriggan air magi (Depths:2)
  6 ice dragons
  10 hydras
  13 boulder beetles
  2 alligator snapping turtles
  6 vault guards
  12 centaur warriors
  10 ogre magi
  A catoblepas (Depths:2)
  A merfolk avatar (Shoals:4)
  Erica (D:10)
  A merfolk aquamancer (Shoals:4)
  A satyr (Shoals:4)
  26 two-headed ogres
  An alligator (shapeshifter) (Vaults:2)
  2 deep troll earth magi
  2 death knights (Vaults:4)
  8 dancing weapons
  A deep troll shaman (Depths:1)
  6 death scarabs (Spider:4)
  6 tengu warriors
  4 orc high priests (Orc:2)
  A hell knight (Depths:2)
  A spriggan berserker (Depths:3)
  8 deep elf knights
  2 iron trolls (Depths:1)
  A sun demon (Depths:1)
  A golden dragon zombie (D:15)
  4 unseen horrors
  An infernal demonspawn (Depths:1)
  3 flayed ghosts
  6 deep trolls
  9 sea snakes
  2 skeletal warriors (D:15)
  2 glowing orange brains
  A kraken simulacrum (Shoals:4)
  3 spectral wolf spiders (Spider:4)
  A gelid demonspawn (Depths:1)
  3 wizards
  12 ironbrand convokers
  A lindwurm (Lair:4)
  11 deep elf archers
  11 orc knights
  2 phantasmal warriors (Depths:1)
  2 wolf spider zombies (Spider:4)
  21 deep elf pyromancers
  16 harpies
  8 manticores
  16 orb spiders
  4 orc sorcerers
  5 necromancers
  A frost giant zombie (Depths:2)
  An orb spider (shapeshifter) (Depths:1)
  12 deep elf zephyrmancers
  25 wolf spiders
  6 fauns
  12 ugly things
  6 merfolk sirens
  A sphinx skeleton (Depths:2)
  15 cyclopes
  A moth of wrath (Spider:4)
  A black mamba (shapeshifter) (Vaults:1)
  2 stone giant skeletons
  13 elephants
  6 black mambas
  Joseph (Lair:1)
  2 torpor snails
  A guardian serpent (shapeshifter) (Vaults:2)
  4 water nymphs
  10 vault sentinels
  2 frost giant skeletons (Depths:2)
  3 centaur zombies
  3 gargoyles
  Maggie (D:10)
  6 kobold demonologists
  20 cane toads
  3 rime drakes
  A yaktaur (shapeshifter) (Vaults:4)
  4 freezing wraiths
  19 demonic crawlers
  8 komodo dragons
  A spectral redback (Spider:4)
  A redback zombie (Spider:4)
  2 tengu conjurers
  An efreet (D:15)
  A yaktaur zombie (D:15)
  36 yaktaurs
  A spriggan skeleton (Depths:2)
  6 meliai
  8 trolls
  5 tyrant leeches
  42 jumping spiders
  19 merfolk
  2 polar bears
  A queen bee (Spider:3)
  2 jumping spiders (shapeshifter)
  A hornet (shapeshifter) (D:14)
  7 hornets
  A harpy zombie (D:14)
  A meliai (shapeshifter) (D:15)
  6 spectral jumping spiders (Spider:4)
  4 spectral tarantellas (Spider:4)
  10 slime creatures
  Prince Ribbit (D:6)
  4 wind drakes
  A tarantella zombie (Spider:4)
  24 dream sheep
  35 blink frogs
  A raiju (shapeshifter) (Vaults:2)
  3 large abominations (Elf:1)
  8 snapping turtles
  2 jumping spider zombies (Spider:4)
  A stone giant simulacrum (Vaults:2)
  A shadow (D:14)
  93 redbacks
  2 fire elementals (Elf:1)
  3 wyverns
  5 water elementals
  29 tarantellas
  A human (D:13)
  9 wraiths
  A yak (shapeshifter) (Vaults:4)
  A spriggan (shapeshifter) (Depths:2)
  A spriggan (Depths:3)
  41 yaks
  5 basilisks
  6 hogs (Elf:1)
  A neqoxec (Depths:1)
  19 vampire mosquitoes
  2 wargs (Vaults:3)
  2 acid dragons (D:15)
  A soldier ant (D:10)
  An acid dragon (shapeshifter) (Vaults:2)
  A tengu skeleton (D:15)
  15 water moccasins
  A floating eye (Depths:3)
  A swamp drake (D:11)
  39 orc warriors
  4 sky beasts
  A hornet zombie (Spider:4)
  A necrophage (D:7)
  A phantom (D:8)
  3 ice beasts
  2 black bears
  An eye of draining (D:14)
  19 ogres
  10 wolves
  8 boggarts (Depths:1)
  30 centaurs
  3 elf zombies (Elf:1)
  4 big kobolds
  25 bullfrogs
  2 wyvern zombies
  3 earth elementals (Elf:2)
  A gnoll sergeant (D:8)
  A human simulacrum (Vaults:1)
  16 jellies
  6 scorpions
  A water moccasin skeleton (D:7)
  28 killer bees
  12 wights
  4 electric eels
  11 howler monkeys
  3 bullfrog zombies
  A quasit (D:9)
  3 centaur skeletons
  5 hounds
  A gnoll shaman (D:7)
  An iron imp (D:12)
  35 orc priests
  2 bullfrog skeletons
  3 iguanas
  45 orc wizards
  17 worker ants
  A killer bee zombie (D:8)
  A hound zombie (D:8)
  A howler monkey zombie (D:8)
  2 worker ant zombies
  13 gnolls
  2 howler monkey skeletons
  11 adders
  2 shadow imps
  2 white imps
  4 ufetubi
  3 oozes
  An adder zombie (D:8)
  2 adder skeletons (D:5)
  8 worms
  2 dart slugs
  4 leopard geckos
  105 orcs
  2 bat zombies (D:5)
  4 giant cockroaches
  10 goblins
  10 hobgoblins
  5 jackals (D:3)
  6 quokkas
  A ball python (D:2)
  9 bats
  6 frilled lizards
  A jackal zombie (D:5)
  17 kobolds
  2 leopard gecko zombies
  2 quokka zombies (D:9)
  3 rats
1685 creatures vanquished.

Vanquished Creatures (collateral kills)
  Nikola (Spider:1)
  An acid blob (Depths:1)
  A storm dragon (Vaults:4)
  Roxanne (Spider:1)
  An azure jelly (Depths:1)
  A ghoul (Vaults:4)
  A vault warden (Vaults:3)
  4 ironheart preservers
  A very ugly thing (Depths:1)
  5 merfolk impalers (Shoals:4)
  2 yaktaur captains
  An ice dragon (Vaults:1)
  2 vault guards
  An ogre mage (Depths:1)
  A centaur warrior (Shoals:2)
  2 merfolk aquamancers (Shoals:4)
  A satyr (Shoals:4)
  2 two-headed ogres
  2 death scarabs (Spider:4)
  3 deep elf knights
  A shadow wraith (Vaults:3)
  A sea snake (Shoals:4)
  An unseen horror (shapeshifter) (Vaults:2)
  A deep elf archer (Elf:2)
  An ironbrand convoker (Vaults:1)
  A phantasmal warrior (Vaults:4)
  2 deep elf pyromancers
  2 wolf spider zombies (Spider:4)
  2 deep elf zephyrmancers (Vaults:1)
  2 ugly things
  6 orb spiders
  3 wolf spiders (Spider:1)
  2 fauns
  3 manticores (Shoals:4)
  4 merfolk sirens
  A vault sentinel (Vaults:1)
  2 water nymphs (Shoals:4)
  5 yaktaurs
  A freezing wraith (Vaults:4)
  A wind drake (Shoals:1)
  3 jumping spiders (Spider:2)
  A queen bee (shapeshifter) (Vaults:4)
  6 merfolk
  A raiju (shapeshifter) (Depths:1)
  A slime creature (Depths:1)
  A snapping turtle (Shoals:4)
  9 redbacks
  A water elemental (Shoals:4)
  4 tarantellas
  An orc warrior (Vaults:4)
  3 ogres
  A boggart (Depths:1)
  4 jellies (Depths:1)
  An orc (Vaults:4)
113 creatures vanquished.

Vanquished Creatures (others)
  A very ugly thing (Depths:3)
  A sea snake (Shoals:4)
  A deep elf archer (Vaults:3)
  2 elephants (Lair:6)
  3 redbacks
  A chaos spawn (D:12)
  A large abomination (D:12)
  An elf zombie (Elf:1)
  A quasit (D:12)
  A kobold (D:15)
  7 bushes (Lair:6)
  59 fungi
  192 plants
  3 tentacles (Shoals:4)
  9 withered plants (D:15)
283 creatures vanquished.

Grand Total: 2081 creatures vanquished

Notes
Turn   | Place    | Note
-------+----------+-------------------------------------------
     0 | D:1      | dolemite99 the Minotaur Gladiator began the quest for the
                  | Orb.
     0 | D:1      | Reached XP level 1. HP: 18/18 MP: 0/0
    84 | D:1      | Reached skill level 4 in Axes
   391 | D:1      | Reached XP level 2. HP: 25/25 MP: 1/1
  1107 | D:2      | Reached skill level 5 in Axes
  1135 | D:2      | Found a shimmering altar of Xom.
  1272 | D:2      | Reached XP level 3. HP: 30/30 MP: 2/2
  1332 | D:2      | Found a sacrificial altar of Ru.
  1342 | D:2      | Became a worshipper of Ru the Awakened
  1424 | D:2      | Found a glowing golden altar of the Shining One.
  1569 | D:2      | Fell from the grace of Ru
  1569 | D:2      | Became a worshipper of the Shining One
  1759 | D:2      | Reached skill level 6 in Axes
  1759 | D:2      | Reached XP level 4. HP: 31/37 MP: 3/3
  2389 | D:3      | Reached skill level 7 in Axes
  2389 | D:3      | Reached XP level 5. HP: 17/42 MP: 4/4
  3311 | D:4      | Found a broken altar of Ashenzari.
  3347 | D:4      | Reached skill level 8 in Axes
  3546 | D:4      | Found a staircase to the Ecumenical Temple.
  3671 | D:4      | Reached XP level 6. HP: 41/50 MP: 5/5
  4231 | D:5      | Entered Level 5 of the Dungeon
  4245 | D:5      | Reached skill level 9 in Axes
  4291 | D:4      | Reached XP level 7. HP: 18/56 MP: 6/6
  4566 | D:5      | Reached * piety under the Shining One
  4629 | D:5      | Reached skill level 10 in Axes
  5074 | D:5      | Found Daaz's Magic Scroll Shoppe.
  5083 | D:5      | Bought 2 scrolls of fear for 91 gold pieces
  5083 | D:5      | Bought a scroll of enchant weapon for 97 gold pieces
  5083 | D:5      | Bought a scroll of identify for 26 gold pieces
  5517 | D:5      | Reached skill level 11 in Axes
  5694 | D:5      | Found an ancient bone altar of Kikubaaqudgha.
  5763 | D:5      | Reached XP level 8. HP: 58/62 MP: 7/7
  6141 | D:6      | HP: 3/62 [centaur/arrow (8)]
  6141 | D:6      | HP: 1/62 [centaur (2)]
  6145 | D:6      | Reached skill level 12 in Axes
  6324 | D:6      | Reached ** piety under the Shining One
  6613 | D:6      | Reached skill level 1 in Armour
  6965 | D:6      | Found a hazy altar of Hepliaklqana.
  7014 | D:6      | Reached skill level 5 in Armour
  7258 | D:6      | Noticed Prince Ribbit
  7267 | D:6      | Killed Prince Ribbit
  7779 | D:7      | Reached XP level 9. HP: 66/68 MP: 8/8
  7927 | D:7      | Reached *** piety under the Shining One
  8578 | D:7      | Noticed a wizard
  8588 | D:7      | Killed a wizard
  8595 | D:7      | Identified the amulet "Gouck" {Reflect rF+ SH+5}
  9002 | D:7      | Reached skill level 1 in Evocations
  9025 | D:7      | Reached XP level 10. HP: 52/86 MP: 9/9
  9561 | D:7      | Found a glowing silver altar of Zin.
  9684 | D:8      | Found a blossoming altar of Fedhas.
  9749 | D:8      | Found a snail-covered altar of Cheibriados.
  9978 | D:8      | Noticed a two-headed ogre
  9986 | D:8      | Killed a two-headed ogre
  9987 | D:8      | Reached skill level 5 in Evocations
 10452 | D:8      | Reached **** piety under the Shining One
 11052 | D:9      | Found an iron altar of Okawaru.
 11057 | D:9      | Found a basalt altar of Yredelemnul.
 11057 | D:9      | Found an ornate altar of the Wu Jian Council.
 11076 | D:9      | Noticed a two-headed ogre
 11090 | D:9      | Killed a two-headed ogre
 11568 | D:9      | Found a staircase to the Lair.
 11571 | D:9      | Reached skill level 10 in Armour
 11601 | D:9      | Noticed Erolcha
 11611 | Lair:1   | Entered Level 1 of the Lair of Beasts
 11737 | D:9      | Killed Erolcha
 11905 | D:9      | Found Suppiud's Distillery.
 11913 | D:9      | Bought a potion of curing for 45 gold pieces
 11913 | D:9      | Bought a potion of lignification for 45 gold pieces
 11913 | D:9      | Bought a potion of haste for 150 gold pieces
 11923 | D:9      | Found a radiant altar of Vehumet.
 11927 | D:9      | Found Lorics's Jewellery Shop.
 12130 | D:9      | Found Toqig's Magic Scroll Emporium.
 12321 | D:9      | Bought a scroll of fog for 24 gold pieces
 12321 | D:9      | Bought a scroll of teleportation for 36 gold pieces
 12350 | D:9      | Found Ateum's Weapon Boutique.
 12464 | D:10     | Entered Level 10 of the Dungeon
 12464 | D:10     | Noticed Josephine
 12467 | D:10     | Noticed a two-headed ogre
 12468 | D:10     | Reached XP level 11. HP: 97/97 MP: 10/10
 12470 | D:10     | Killed Josephine
 12849 | D:9      | Killed a two-headed ogre
 13050 | D:10     | Reached skill level 13 in Axes
 13173 | D:10     | Reached ***** piety under the Shining One
 13187 | D:10     | Identified a scroll of acquirement
 13188 | D:10     | Acquired 1046 gold pieces
 13236 | D:9      | Bought a +4 ring of slaying for 1014 gold pieces
 13383 | D:10     | Noticed Erica
 13394 | D:10     | Killed Erica
 13906 | D:10     | Noticed Maggie
 13922 | D:10     | Killed Maggie
 13923 | D:10     | Reached skill level 5 in Throwing
 14171 | D:11     | Found a gate leading to a gauntlet.
 14198 | D:11     | Reached skill level 1 in Shields
 14524 | D:11     | Found a staircase to the Orcish Mines.
 14887 | D:11     | Noticed Harold
 14899 | D:11     | Killed Harold
 14946 | D:11     | Reached skill level 14 in Axes
 15008 | D:11     | Noticed a tengu warrior
 15022 | D:11     | Killed a tengu warrior
 15551 | Lair:1   | Found a white marble altar of Elyvilon.
 15775 | Lair:1   | Noticed Joseph
 15785 | Lair:1   | Killed Joseph
 15786 | Lair:1   | Reached XP level 12. HP: 100/106 MP: 11/11
 15851 | Lair:1   | Noticed a six-headed hydra
 15871 | Lair:1   | Killed a six-headed hydra
 16509 | Lair:2   | Reached skill level 15 in Axes
 17040 | Lair:2   | Noticed an eight-headed hydra
 17046 | Lair:2   | Killed an eight-headed hydra
 17592 | Lair:2   | Reached skill level 16 in Axes
 18569 | Lair:3   | Reached skill level 17 in Axes
 19117 | Lair:4   | Found a transporter.
 19254 | Lair:4   | Reached skill level 18 in Axes
 19255 | Lair:4   | Noticed a boulder beetle
 19262 | Lair:4   | Reached XP level 13. HP: 70/113 MP: 12/12
 19690 | Lair:4   | Found a staircase to the Shoals.
 19953 | Lair:4   | Reached skill level 10 in Fighting
 20238 | Lair:4   | Noticed Vufrucs's ghost (journeyman DrTm)
 20245 | Lair:4   | Found a transporter.
 20381 | Lair:4   | Found a hole to the Spider Nest.
 21137 | Lair:5   | Reached ****** piety under the Shining One
 21223 | Lair:5   | Identified Sif Muna's Grimoire of Unholy Displacement
 21766 | Lair:6   | Entered Level 6 of the Lair of Beasts
 23066 | Lair:5   | Reached skill level 1 in Invocations
 23894 | Lair:6   | Found a staircase to the Slime Pits.
 23936 | Lair:6   | Reached skill level 5 in Invocations
 23960 | Lair:6   | Reached XP level 14. HP: 115/129 MP: 16/16
 24515 | Lair:6   | Identified the +4 falchion "Bobel Est" {vorpal, SInv} (You
                  | found it on level 6 of the Lair of Beasts)
 25547 | Orc:1    | Entered Level 1 of the Orcish Mines
 25814 | Orc:2    | Entered Level 2 of the Orcish Mines
 26926 | Orc:2    | Identified a +8 battleaxe of holy wrath (a +6 battleaxe
                  | blessed by the Shining One)
 26926 | Orc:2    | Received a gift from the Shining One
 27006 | Orc:2    | Found Meuqeir's Distillery.
 27006 | Orc:2    | Found Comaing's Assorted Antiques.
 27011 | Orc:2    | Found Niucebot's Armour Shoppe.
 27018 | Orc:2    | Found Ceda's Armour Shoppe.
 27085 | Orc:2    | Bought a fading plate armour for 532 gold pieces
 27096 | Orc:2    | Identified the cursed +1 plate armour "Pokicuitus" {rPois
                  | Dex+4} (You bought it in a shop on level 2 of the Orcish
                  | Mines)
 27100 | Orc:2    | Bought a +0 pair of boots for 54 gold pieces
 27116 | Orc:2    | Bought a potion of might for 52 gold pieces
 27116 | Orc:2    | Bought a potion of might for 52 gold pieces
 27116 | Orc:2    | Bought a potion of heal wounds for 65 gold pieces
 27132 | Orc:2    | Bought a scroll of enchant armour for 142 gold pieces
 27132 | Orc:2    | Bought a scroll of teleportation for 57 gold pieces
 27157 | Orc:2    | Noticed Saint Roka
 27180 | Orc:2    | Killed Saint Roka
 27570 | Orc:2    | Found a roughly hewn altar of Beogh.
 27736 | Orc:2    | Found a staircase to the Elven Halls.
 28446 | D:12     | Found a portal to a secret trove of treasure.
 29046 | D:12     | Found a runed translucent door.
 29046 | D:12     | Noticed Sabo's ghost (journeyman DsGl)
 29048 | D:12     | Identified the +4 trident of Abuse {flame, rF- rN++ Will+}
 29326 | D:13     | Reached XP level 15. HP: 135/139 MP: 21/21
 29859 | D:13     | Reached skill level 15 in Fighting
 30549 | D:13     | Found a gate to the Vaults.
 31923 | D:14     | Noticed Nessos
 31932 | D:14     | Killed Nessos
 32629 | D:14     | Reached skill level 1 in Bows
 32907 | D:15     | Entered Level 15 of the Dungeon
 33078 | D:15     | Reached skill level 5 in Bows
 33146 | D:15     | Found a staircase to the Depths.
 34071 | D:9      | Bought an uncursed ring of poison resistance for 260 gold
                  | pieces
 34153 | Spider:1 | Entered Level 1 of the Spider Nest
 34371 | Orc:2    | Bought a box of beasts for 760 gold pieces
 34545 | D:9      | Bought a potion of haste for 150 gold pieces
 34677 | Spider:1 | Noticed a ghost moth
 34683 | Spider:1 | Killed a ghost moth
 35537 | Spider:1 | Reached XP level 16. HP: 99/151 MP: 22/22
 35711 | Spider:1 | Noticed Roxanne
 35714 | Spider:1 | Noticed Nikola
 35739 | Spider:1 | Killed Nikola
 35775 | Spider:1 | Killed Roxanne
 36104 | Spider:1 | Reached skill level 10 in Bows
 36588 | Spider:1 | Identified the Papyrus of Bewitching Transmutation
 37068 | Spider:1 | Identified the cursed +0 chain mail of Dithmenos's Pride
                  | {rN+} (You found it on level 1 of the Spider Nest)
 38801 | Spider:3 | Noticed Arachne
 38823 | Spider:3 | Killed Arachne
 39081 | Spider:3 | Reached skill level 15 in Armour
 39776 | Spider:3 | Identified the +9 morningstar of Haisoycw {pain, *Corrode
                  | rElec Str+2 Dex+8} (You found it on level 3 of the Spider
                  | Nest)
 39960 | Spider:3 | Reached XP level 17. HP: 160/160 MP: 23/23
 40291 | Spider:4 | Entered Level 4 of the Spider Nest
 40720 | Spider:4 | Reached skill level 19 in Axes
 42057 | Spider:4 | Reached skill level 20 in Axes
 42708 | Spider:4 | Identified the cursed +0 tower shield of Boredom {rElec
                  | rC+++ Dex-3 Stlth-}
 42757 | Spider:4 | Got a gossamer rune of Zot
 42765 | Spider:4 | Identified the cursed +3 flail "Banisher" {freeze, rElec
                  | rF+ MP-9 Str+2 Stlth+} (You found it on level 4 of the
                  | Spider Nest)
 43133 | Shoals:1 | Entered Level 1 of the Shoals
 43263 | Shoals:1 | Reached skill level 21 in Axes
 44027 | D:9      | Bought an uncursed ring of protection from cold for 325
                  | gold pieces
 44160 | Shoals:2 | Noticed Frances
 44181 | Shoals:2 | Killed Frances
 44745 | Shoals:2 | Reached XP level 18. HP: 150/170 MP: 24/24
 45052 | Shoals:2 | Noticed Donald
 45059 | Shoals:2 | Killed Donald
 46444 | Shoals:3 | Found Vach's Mayhem Merchandise.
 46758 | Vaults:1 | Entered Level 1 of the Vaults
 49140 | Vaults:1 | Reached skill level 10 in Evocations
 51026 | Vaults:2 | Found a staircase to the Crypt.
 51026 | Vaults:2 | Found an ancient bone altar of Kikubaaqudgha.
 51027 | Vaults:2 | Found a basalt altar of Yredelemnul.
 52134 | Vaults:2 | Noticed Bai Suzhen
 52147 | Vaults:2 | Killed Bai Suzhen
 52148 | Vaults:2 | Reached XP level 19. HP: 72/177 MP: 20/25
 53823 | Vaults:3 | Noticed Sojobo
 53834 | Vaults:3 | Killed Sojobo
 55113 | Vaults:4 | Paralysed by a sphinx for 2 turns
 55819 | Vaults:4 | Reached skill level 5 in Dodging
 56618 | Vaults:4 | Learned a level 2 spell: Blink
 57200 | Vaults:4 | Reached XP level 20. HP: 187/187 MP: 26/26
 57864 | Vaults:4 | Reached skill level 10 in Dodging
 58329 | Elf:1    | Entered Level 1 of the Elven Halls
 58740 | Elf:1    | Noticed Kirke
 58757 | Elf:1    | Killed Kirke
 58962 | Elf:1    | Identified the Catalogue of Evil Magic
 60902 | Elf:2    | Found Rarghadeo's Armour Shop.
 60921 | Elf:2    | Found Hinkar's Assorted Antiques.
 60922 | Elf:2    | Found Ojanoerei's Antique Weapon Shop.
 60936 | Elf:2    | Found Qorigu's Assorted Antiques.
 60944 | Elf:2    | Bought a pair of fine boots for 285 gold pieces
 60946 | Elf:2    | Identified the cursed +0 pair of boots of Untold Secrets
                  | {Int+2} (You bought it in a shop on level 2 of the Elven
                  | Halls)
 60951 | Elf:2    | Bought an embroidered cloak for 232 gold pieces
 60958 | Elf:2    | Bought a steaming executioner's axe for 540 gold pieces
 60960 | Elf:2    | Identified the +10 executioner's axe of the Fool {elec,
                  | *Noise rF++ rN+} (You bought it in a shop on level 2 of the
                  | Elven Halls)
 61064 | Elf:2    | Found a runed translucent gate.
 61072 | Elf:2    | Found a runed translucent gate.
 61072 | Elf:2    | Found a runed translucent gate.
 61700 | Shoals:4 | Entered Level 4 of the Shoals
 62699 | Shoals:4 | Got a barnacled rune of Zot
 63967 | Depths:1 | Entered Level 1 of the Depths
 64695 | Depths:1 | Reached XP level 21. HP: 113/193 MP: 27/27
 65087 | Depths:1 | Gained mutation: Your magical capacity is low. (-10% MP) [a
                  | neqoxec]
 65134 | Depths:1 | Found a one-way gate leading to the halls of Pandemonium.
 66671 | Depths:1 | Identified the +8 shortbow "Sonnec" {freeze, *Corrode Str+7
                  | Dex+7}
 67076 | Depths:1 | Found a gateway to Hell.
 67212 | Depths:1 | Paralysed by a vampire knight for 5 turns
 67634 | Depths:2 | Noticed a caustic shrike
 67649 | Depths:2 | Killed a caustic shrike
 67650 | Depths:2 | Reached skill level 15 in Bows
 67898 | D:9      | Bought an uncursed ring of resist corrosion for 260 gold
                  | pieces
 69732 | Depths:2 | Paralysed by a sphinx for 6 turns
 70699 | Depths:2 | Found Huri's Pet Rocks.
 70707 | Depths:2 | Bought a tin of tremorstones (2/2) for 600 gold pieces
 71271 | Depths:3 | Paralysed by a floating eye for 4 turns
 71671 | Depths:2 | Reached XP level 22. HP: 84/206 MP: 25/25
 72087 | Depths:3 | Paralysed by a sphinx for 4 turns
 72090 | Depths:3 | HP: 1/206 [white very ugly thing (12)]
 72090 | Depths:3 | Killed from afar by a fire dragon

Illustrated notes

Levels and vault maps discovered:
D:1:      dpeg_arrival_tiny_i, layout_basic
D:2:      minmay_diamond_boxcup, layout_rooms, lemuel_crystal_altar,
          lemuel_round_altar, lemuel_doored_altar
D:3:      layout_rooms, kennysheep_generic_room_11
D:4:      layout_gridville, ashenzari_conservatory_becter, temple_green,
          hangedman_decor_opposing
D:5:      layout_cave_pods, lemuel_zombie_altar_kikubaaqudgha, serial_shops,
          nicolae_shop_statue_plus, minmay_tree_intersection,
          serial_bayou_pond_e, minmay_starry_boxes
D:6:      layout_gridville, nzn_hepliaklqana_mist_gate, serial_bayou_ford_a,
          uniq_prince_ribbit1
D:7:      nzn_winding_woodlands_stair_cross
          [nzn_winding_woodlands_5x15_pathside_ponds,
          nzn_winding_woodlands_center_diamonds,
          nzn_winding_woodlands_5x15_concentric,
          nzn_winding_woodlands_5x5_perimeter, nzn_winding_woodlands_5x5_cross,
          nzn_winding_woodlands_5x15_default,
          nzn_winding_woodlands_center_pierced_h,
          nzn_winding_woodlands_5x15_default], layout_loops_ring, zin_treasury
D:8:      layout_cave_pods, overflow_temple_1_default, kennysheep_mini_moat
D:9:      layout_cave_pools, lemuel_crystal_altar,
          gammafunk_temple_overflow_forgotten, grunt_lair_entry_orc_guard_hut,
          serial_shops, kennysheep_little_box,
          nicolae_shop_temple_entry_statues_fountains, nicolae_shop_stone,
          nicolae_shop_waterfront, uniq_erolcha
D:10:     layout_rooms, uniq_josephine, uniq_maggie, uniq_erica
D:11:     layout_basic, erik_orc_1, enter_bailey_3, gauntlet_entry_generic,
          uniq_harold
D:12:     layout_basic, ebering_ghost_funeral_grove,
          nicolae_trove_entry_crossroad, minmay_misc_feat_more_columns,
          hangedman_devilish_allure
D:13:     layout_basic, grunt_vaults_entry_fortified, hex_intersection
D:14:     layout_big_octagon, serial_glass, glass_columns_a, glass_columns_b,
          dk_noncrumbling_2, uniq_nessos
D:15:     gammafunk_depths_entry_grave, layout_rooms, hex_intersection
Lair:1:   layout_cave_shapes, basic_altar, nicolae_quartered_pool_little,
          grunt_megastairs_4, infiniplex_staircase_pool, serial_bayou_shore_b,
          uniq_joseph
Lair:2:   layout_cave_pods
Lair:3:   layout_misc_corridors
Lair:4:   layout_cave_shapes, elwin_shoals_entry_rocks,
          spider_nest_entry_funnel_web, nzn_ghost_randoct
Lair:5:   layout_cave_pods
Lair:6:   minmay_lair_end_frog_pond, layout_long_grid,
          nicolae_slime_entry_slimehenge, minivault_19, minivault_26,
          serial_bayou_lagoon_a
Shoals:1: layout_shoals
Shoals:2: layout_shoals, hangedman_shoals_cup_caves, uniq_donald, uniq_frances
Shoals:3: layout_shoals, minmay_shop_mayhem
Shoals:4: shoals_end_grunt_ice, layout_shoals
Spider:1: mumra_spider_spiderweb, nicolae_spider_nook, uniq_nikola, uniq_roxanne
Spider:2: layout_spider_delve, hangedman_stitches_earthworm
Spider:3: layout_spider_delve, special_room [special_room_bee],
          spiders_nest_spider_trap, uniq_arachne
Spider:4: floodkiller_spider_rune_tomb, worms_lemuel
Orc:1:    layout_diamond_mine
Orc:2:    st_orc_mages, layout_caves, nicolae_orc_lost_temple, uniq_saint_roka
Elf:1:    elf_arrival_002, layout_gridlike, minmay_elf_necromancy, uniq_kirke
Elf:2:    layout_rooms, st_stairs_13, hex_medium, minmay_misc_feat_alley,
          grunt_ministairs_14, minmay_shop_grid_forest
Vaults:1: nicolae_vaults_big_angled_halls, ontoclasm_vaults_gateway,
          nicolae_vaults_three_branches, nicolae_vaults_puzzle_piece,
          ontoclasm_vaults_misaligned, nicolae_vaults_sealed_display, v_misc_29,
          v_pattern_1, layout_vaults_quadrants, infiniplex_enter_wizlab_water
Vaults:2: minmay_crypt_entry_necro_gods, v_pattern_4,
          hangedman_vaults_variations, v_misc_32, ontoclasm_vaults_eye,
          nicolae_vaults_alarming, nicolae_vaults_triangles,
          ontoclasm_vaults_idyll, vaults_room_semicircle,
          ontoclasm_vaults_claustrophobia, nicolae_vaults_little_squares_1,
          layout_vaults_ring, uniq_bai_suzhen
Vaults:3: grunt_vaults_funnel, vaults_mumra_hex, ontoclasm_vaults_ring_large,
          v_misc_1, vaults_room_boxed, v_misc_9,
          nicolae_vaults_yaktaur_gun_rack, vaults_room_hallway,
          vaults_room_semicircle, grunt_vaults_bifocal, vaults_dpeg_diagonal,
          nicolae_vaults_little_squares_4, vaults_room_pool,
          layout_vaults_omnibox, uniq_sojobo
Vaults:4: vaults_mumra_hexcomb, v_misc_30, ontoclasm_vaults_spin,
          nicolae_vaults_little_squares_6, hangedman_vaults_restitches,
          vaults_mumra_bighexcomb, v_misc_2, grunt_vaults_twisty,
          vaults_dpeg_ring, v_misc_23, nicolae_vaults_big_angled_halls,
          ontoclasm_vaults_hangar, layout_vaults_maze
Depths:1: layout_gridlike, hell_entry, rand_demon_pan_entry_3, special_room
          [special_room_jelly], kennysheep_potato
Depths:2: minmay_the_grid_net [minmay_the_grid_doors,
          minmay_the_grid_minigrid_small_alt, minmay_the_grid_spikes,
          minmay_the_grid_tiny_cups, minmay_the_grid_rooms,
          minmay_the_grid_prize_big_room], layout_gridlike,
          chequers_serial_rivers_room_b, hell_entry, guppyfry_shop_earth
Depths:3: grated_community_mu [grated_community_mu_vampire_home,
          grated_community_mu_giant_home, grated_community_mu_spellcaster_home,
          grated_community_mu_orcish_home, grated_community_mu_troll_home,
          grated_community_mu_taur_home, grated_community_mu_unbuilt_plot],
          layout_cave_pools, enter_ziggurat_f, hell_entry,
          chequers_serial_rivers_marsh, rand_demon_pan_entry_1, special_room
          [special_room_mythical_zoo], grunt_decor_arrowhead

Skill      XL: |  1  2  3  4  5  6  7  8  9 10 11 12 13 14 15 16 17 18 19 20 21 |
---------------+----------------------------------------------------------------+-----
Axes           | 4 5 6 7 8 9 11 12 14 18 21 | 21.5
Armour         | 7 9 10 11 12 14 15 16 18 | 18.2
Fighting       | 7 9 13 14 15 16 17 18 19 | 19.4
Evocations     | 3 6 12 14 | 14.3
Throwing       | 5 |  5.2
Shields        | 3 |  3.1
Invocations    | 5 9 |  9.9
Bows           | 8 13 14 16 | 16.1
Dodging        | 9 14 | 14.6

Action                   |  1- 3 |  4- 6 |  7- 9 | 10-12 | 13-15 | 16-18 | 19-21 | 22-24 || total
-------------------------+-------+-------+-------+-------+-------+-------+-------+-------++-------
Melee: War axe           |    81 |   120 |   227 |   437 |    21 |       |       |       ||   886
       Headbutt          |     9 |    11 |    42 |    91 |   139 |   116 |   145 |     2 ||   555
       Flail             |       |       |       |     1 |     3 |       |       |       ||     4
       Battleaxe         |       |       |       |       |   634 |   429 |   507 |     7 ||  1577
       Dire flail        |       |       |       |       |    27 |       |       |       ||    27
       Longbow           |       |       |       |       |       |     1 |       |       ||     1
 Fire: Longbow           |       |       |       |       |    94 |   636 |   792 |       ||  1522
Throw: Throwing net      |     6 |       |       |       |       |       |     9 |       ||    15
       Stone             |     7 |     5 |       |       |       |       |       |       ||    12
       Javelin           |       |       |    21 |    11 |       |       |       |       ||    32
       Boomerang         |       |       |       |    90 |   216 |    46 |     7 |       ||   359
       Dart              |       |       |       |     3 |       |       |    13 |       ||    16
Invok: Cleansing Flame   |       |       |       |       |    12 |    32 |    31 |       ||    75
       Divine Shield     |       |       |       |       |     1 |       |     1 |       ||     2
       Brand Weapon With |       |       |       |       |     1 |       |       |       ||     1
       Summon Divine War |       |       |       |       |       |    11 |    12 |       ||    23
 Abil: Evoke Flight      |       |       |       |       |       |     1 |       |       ||     1
Evoke: Wand              |       |       |     6 |    23 |     7 |    31 |    17 |       ||    84
       Phial of floods   |       |       |       |     1 |     2 |     6 |     6 |       ||    15
       Box of beasts     |       |       |       |       |     1 |     5 |     7 |       ||    13
       Phantom mirror    |       |       |       |       |       |     2 |     9 |       ||    11
       Tin of tremorston |       |       |       |       |       |       |     2 |       ||     2
  Use: Scroll            |     2 |    11 |     8 |    13 |    12 |    13 |    13 |       ||    72
       Potion            |       |     2 |     1 |     5 |     2 |    12 |    10 |     1 ||    33
Armor: Ring mail         |    27 |    12 |       |       |       |       |       |       ||    39
       Leather armour    |     2 |       |       |       |       |       |       |       ||     2
       Chain mail        |       |    51 |   119 |       |       |       |       |       ||   170
       Plate armour      |       |       |       |   235 |   421 |   577 |    99 |       ||  1332
       Storm dragon scal |       |       |       |       |       |       |   314 |     9 ||   323
Dodge: Dodged            |    47 |    65 |   105 |   190 |   366 |   426 |   465 |     7 ||  1671
Block: Buckler           |       |       |       |    83 |    10 |       |       |       ||    93
       Kite shield       |       |       |       |    16 |       |       |       |       ||    16
       Other             |       |       |       |     3 |   166 |   190 |   100 |       ||   459
       Reflection        |       |       |       |     1 |    11 |    10 |    23 |       ||    45

Table legend: (Time is in decaauts)
 A = Elapsed time spent in this place.
 B = Non-inter-level travel time spent in this place.
 C = Inter-level travel time spent in this place.
 D = Time resting spent in this place.
 E = Time spent auto-exploring this place.
 F = Levels seen in this place.
 G = Mean time per level.
                   A        B        C        D        E       F      G
               +--------+--------+--------+--------+--------+-----+--------+
         Total |  72162 |  66464 |   5698 |  29824 |  24004 |  40 | 1804.1 |
       Dungeon |  23468 |  20502 |   2966 |   8789 |   7710 |  15 | 1564.5 |
          Lair |  10792 |   9586 |   1206 |   4151 |   4075 |   6 | 1798.7 |
        Shoals |   5426 |   5125 |    301 |   1500 |   2299 |   4 | 1356.5 |
   Spider Nest |   8669 |   8251 |    418 |   3601 |   2549 |   4 | 2167.2 |
  Orcish Mines |   2763 |   2357 |    406 |   1019 |    839 |   2 | 1381.5 |
   Elven Halls |   2421 |   2350 |     71 |    762 |   1106 |   2 | 1210.5 |
        Vaults |  11247 |  11012 |    235 |   5177 |   4181 |   4 | 2811.8 |
        Depths |   7372 |   7279 |     93 |   4822 |   1242 |   3 | 2457.3 |
               +--------+--------+--------+--------+--------+-----+--------+

Top non-repeatable levels by time:
Depths:1: 3769 daAuts
Depths:2: 3563 daAuts
Vaults:2: 3445 daAuts
  Lair:5: 3133 daAuts
Spider:1: 2924 daAuts
Vaults:4: 2851 daAuts
Spider:4: 2784 daAuts
Vaults:1: 2618 daAuts
     D:9: 2503 daAuts
Vaults:3: 2331 daAuts
    D:13: 2192 daAuts
    D:11: 2170 daAuts
     D:6: 2101 daAuts
Shoals:4: 2019 daAuts
     D:7: 1935 daAuts
